 Dungeon Crawl Stone Soup version 0.23.1 (webtiles) character file.

Game seed: 13677517527011302813

52 reztzret the Chopper (level 3, 0/31 HPs)
             Began as a Hill Orc Fighter on Mar 15, 2019.
             Succumbed to an adder's poison
             ... on level 2 of the Dungeon.
             The game lasted 00:02:09 (1409 turns).

reztzret the Chopper (Hill Orc Fighter)             Turns: 1409, Time: 00:02:10

Health: 0/31       AC:  6    Str: 19    XL:     3   Next: 85%
Magic:  3/3        EV:  7    Int:  8    God:
Gold:   83         SH:  9    Dex: 10    Spells: 2/2 levels left

rFire    . . .     SeeInvis .   a - +0 war axe
rCold    . . .     Gourm    .   c - +0 shield
rNeg     . . .     Faith    .   b - +0 scale mail
rPois    .         Spirit   .   (no helmet)
rElec    .         Reflect  .   (no cloak)
rCorr    .         Harm     .   (no gloves)
MR       .....                  (no boots)
Stlth    ..........             (no amulet)
HPRegen  0.10/turn              (no ring)
MPRegen  0.08/turn              (no ring)

@: lethally poisoned (0 -> -3)
A: no striking features
a: no special abilities


You were on level 2 of the Dungeon.
You were not hungry.

You visited 1 branch of the dungeon, and saw 2 of its levels.

You collected 83 gold pieces.

Inventory:

Hand Weapons
 a - a +0 war axe (weapon)
 q - a +0 spear of freezing
Armour
 b - a +0 scale mail (worn)
 c - a +0 shield (worn)
Jewellery
 l - an uncursed ring of poison resistance {unknown}
 m - an uncursed amulet of magic regeneration {unknown}
Scrolls
 e - 3 scrolls of identify {unknown}
 g - a scroll of fog {unknown}
 h - 2 scrolls of fear {unknown}
 k - a scroll of teleportation {unknown}
Potions
 d - a potion of might
 i - a potion of degeneration {unknown}
 j - a potion of flight {unknown}
 n - a potion of magic {unknown}
 o - a potion of mutation {unknown}
 p - a potion of heal wounds {unknown}
Comestibles
 f - 4 rations


   Skills:
 - Level 3.6 Fighting
 * Level 5.2 Axes
 - Level 3.2 Armour
 - Level 0.3 Dodging
 - Level 3.2 Shields


You had 2 spell levels left.
You didn't know any spells.
Your spell library was empty.

Dungeon Overview and Level Annotations

Branches:
Dungeon (2/15)

Altars:
Ashenzari
Kikubaaqudgha
Okawaru
Qazlal
Uskayaw


Message History

The adder is heavily wounded.
The adder bites you. You block the adder's attack.
You miss the adder.
The adder is heavily wounded.
You feel sick. The adder barely misses you. The adder bites you.
* * * LOW HITPOINT WARNING * * *
You barely miss the adder.
The adder is heavily wounded.
You feel sick. You block the adder's attack. The adder bites you.
* * * LOW HITPOINT WARNING * * *
Sorry, you're not good enough to have a special ability.
Sorry, you're not good enough to have a special ability.
Sorry, you're not good enough to have a special ability.
You barely miss the adder.
The adder is heavily wounded.
The adder bites you.
* * * LOW HITPOINT WARNING * * *
The adder closely misses you.
You eat one of the 5 rations.
That ration really hit the spot!
You die...

#.. #....# .# ########
..###....##.###........
...........#_#........
#.......###.#########
#.......##...## # #...# #..#..#
# ### #.%%# #.###.# # ..#
##S.###.###.# ## #.#
#@.##..._#.######. #.#
#..#_....#..'....#
#.####.######..##..._#.##.###.
##...............##.###.#..†...
...###.####.#>#.##.###.#..###.
# #. #.# #.#....#..#..#.## #.
#.##.####.# #.###.###...#### ##
..........# #.. .# ##.## #
####.#.#### ### # #_# #


You could see an adder.

Vanquished Creatures
  An adder (D:2)
  A worm (D:2)
  A dart slug (D:2)
  A ball python (D:2)
  6 bats
  3 giant cockroaches (D:1)
  3 goblins
  3 hobgoblins (D:1)
  8 jackals (D:2)
  3 kobolds
  A frilled lizard (D:1)
  3 rats
34 creatures vanquished.

Notes
Turn   | Place    | Note
-------+----------+-------------------------------------------
     0 | D:1      | reztzret the Hill Orc Fighter began the quest for the Orb.
     0 | D:1      | Reached XP level 1. HP: 19/19 MP: 1/1
    39 | D:1      | Reached skill level 3 in Axes
   116 | D:1      | Reached XP level 2. HP: 26/26 MP: 2/2
   253 | D:1      | Reached skill level 4 in Axes
   800 | D:2      | Reached XP level 3. HP: 17/31 MP: 3/3
  1114 | D:2      | Found a shattered altar of Ashenzari.
  1114 | D:2      | Found a faded altar of an unknown god.
  1119 | D:2      | Found a hide-covered altar of Uskayaw.
  1121 | D:2      | Found an ancient bone altar of Kikubaaqudgha.
  1122 | D:2      | Found a stormy altar of Qazlal.
  1303 | D:2      | Found an iron altar of Okawaru.
  1352 | D:2      | Reached skill level 5 in Axes
  1407 | D:2      | HP: 1/31 [adder (2)]
  1409 | D:2      | Succumbed to an adder's poison

Skill      XL: |  1  2  3 |
---------------+----------+-----
Axes           | 3 4 5 |  5.2
Fighting       | |  3.6
Armour         | |  3.2
Dodging        | |  0.3
Shields        | |  3.2

Action                   || total
-------------------------++-------
Melee: War axe           ||   136
  Eat: Ration            ||     1
       Chunk             ||     1
Armor: Scale mail        ||    57
Dodge: Dodged            ||    54
Block: Shield            ||    64
